AoeStats
← El Travieso Scott

Pilgrims

507520065Analyzed
4v4 RM · 14d ago on Sep 18, 2026· 60m 26s· 8 players
Game mode
Random Map
Map size
Large (8 player)
Population
200
Speed
Normal
Resources
Standard
Victory
Conquest
Starting age
Dark Age
Ending age
Imperial Age
RankedLock teamsTeams togetherTeam positionsShared explorationLock speedFull tech treeHidden civsTurbo modeCheats
Victory
Defeat
🇬🇧 Persians · United Kingdom
1024
+11
🇲🇽 Byzantines · Mexico
979
+13
🇪🇸 Teutons · Spain
959
+14
🇪🇸 Lithuanians · Spain
913
+16
🇦🇷 Turks · Argentina
920
-14
🇪🇸 Koreans · Spain
914
-14
🇨🇱 Vikings · Chile
913
-13
🇵🇪 Huns · Peru
908
-13
RaulelPiadoso
4:25 Loom
13:13 Feudal Age
17:19 Double-Bit Axe
20:44 Fishing Lines
26:04 Castle Age
23:57 Fletching
24:29 Padded Archer Armor
31:52 Medium Warships
36:10 Wheelbarrow
43:50 Hand Cart
44:06 Elite Skirmisher
49:31 Imperial Age
49:40 Bodkin Arrow
50:07 Leather Archer Armor
50:44 Caravan
51:22 Stone Mining
51:41 Bracer
51:53 Forging
53:35 Ring Archer Armor
54:20 Bow Saw
56:21 Gold Mining
57:51 Gold Shaft Mining
59:49 Heavy Warships
60:58 Iron Casting
MacGyver (RubenS)
3:21 Loom
11:51 Feudal Age
12:18 Town Watch
12:27 Double-Bit Axe
13:37 Wheelbarrow
16:19 Bloodlines
16:11 Fishing Lines
22:13 Castle Age
20:24 Stone Mining
21:23 Forging
21:18 Scale Barding Armor
22:24 Fletching
22:35 Light Cavalry
26:41 Gillnets
30:27 Iron Casting
30:50 Bow Saw
30:26 Horse Collar
31:25 Chain Barding Armor
31:48 Husbandry
31:48 Gold Mining
33:12 Heavy Plow
34:29 Fervor
42:37 Imperial Age
41:38 Stone Shaft Mining
41:29 Hand Cart
41:37 Hand Cart
44:08 Cavalier
48:20 Guilds
49:46 Conscription
50:46 Winged Hussar
59:21 Crop Rotation
60:15 Two-Man Saw
59:26 Paladin
Clandestine
9:00 Loom
11:48 Feudal Age
14:23 Fishing Lines
14:33 Town Watch
19:43 Castle Age
17:53 Double-Bit Axe
20:03 Gillnets
21:14 Husbandry
21:43 Bow Saw
21:49 Forging
22:49 Town Patrol
24:20 Bloodlines
28:17 Scale Barding Armor
28:14 Horse Collar
31:03 Iron Casting
31:06 Wheelbarrow
34:10 Imperial Age
32:14 Heavy Plow
33:07 Chain Barding Armor
33:44 Hand Cart
35:44 Blast Furnace
35:20 Plate Barding Armor
34:41 Stone Mining
34:44 Gold Mining
36:11 Crop Rotation
36:53 Chemistry
38:29 Two-Man Saw
37:01 Cavalier
41:13 Padded Archer Armor
40:37 Savar
42:19 Caravan
43:16 Coinage
44:38 Gold Shaft Mining
49:02 Banking
50:32 Hoardings
52:04 Kamandaran
52:26 Conscription
55:22 Citadels
59:37 Guilds
60:41 Medium Warships
59:52 Demolition Ship
59:53 Elite Cannon Galleon
60:42 Devotion
LEG_VII_GEM
wardjawulf
12:10 Feudal Age
12:48 Fishing Lines
13:11 Double-Bit Axe
18:09 Stone Mining
18:10 Gold Mining
20:38 Fletching
21:06 Forging
23:19 Castle Age
26:27 Bodkin Arrow
30:07 Imperial Age
29:09 Ballistics
28:12 Crossbowman
29:48 Gillnets
32:17 Elite Longship
33:02 Bracer
33:07 Padded Archer Armor
37:36 Scale Mail Armor
38:11 Iron Casting
38:25 Man-at-Arms
38:27 Pikeman
39:07 Squires
38:56 Gambesons
45:02 Horse Collar
50:13 Blast Furnace
49:33 Chain Mail Armor
OvertChunk95
4:44 Loom
14:13 Feudal Age
16:11 Double-Bit Axe
32:57 Castle Age
33:12 Wheelbarrow
35:00 Fishing Lines
37:22 Medium Warships
38:44 Gillnets
39:34 Bow Saw
43:29 Fletching
47:37 Bodkin Arrow
49:24 Scale Barding Armor
51:36 Hand Cart
MVP
5:19 Loom
13:28 Feudal Age
14:10 Double-Bit Axe
16:50 Gold Mining
17:04 Fishing Lines
18:21 Bloodlines
20:36 Wheelbarrow
23:28 Castle Age
24:57 Town Watch
24:43 Demolition Ship
26:20 Padded Archer Armor
26:11 Fletching
27:24 Hand Cart
29:07 Bodkin Arrow
29:28 Leather Archer Armor
31:14 Murder Holes
32:46 Bow Saw
36:31 Imperial Age
37:07 Ballistics
46:19 Two-Man Saw
48:22 Husbandry
El Travieso Scott
13:39 Feudal Age
16:12 Loom
17:03 Wheelbarrow
18:01 Bloodlines
22:53 Double-Bit Axe
23:14 Fletching
23:25 Padded Archer Armor
24:43 Padded Archer Armor
24:44 Scale Mail Armor
32:30 Castle Age
30:26 Horse Collar
31:28 Forging
31:24 Scale Barding Armor
34:02 Thumb Ring
35:04 Iron Casting
34:45 Chain Mail Armor
33:51 Pikeman
33:56 Crossbowman
45:29 Squires
45:15 Arson
48:34 Arson
Connection lost

Rejoining the realm…

Still unreachable

The connection could not be restored.

Session expired

The server has moved on; the page needs a fresh start.